 Dungeon Crawl Stone Soup version 0.29.1-2-gbd0b4ee654 (webtiles) character file.

Game seed: 6729978024146527267

1 NinjaNoafa the Grasshopper (level 1, 0/10 HPs)
             Began as a Spriggan Warper on Nov 16, 2022.
             Slain by a kobold
             ... wielding a +0 club
              (3 damage)
             ... on level 1 of the Dungeon.
             The game lasted 00:00:42 (143 turns).

NinjaNoafa the Grasshopper (Spriggan Warper)         Turns: 143, Time: 00:00:43

Health: 0/10       AC:  2    Str:  7    XL:     1   Next: 16%
Magic:  6/14       EV: 17    Int: 14    God:
Gold:   35         SH:  0    Dex: 14    Spells: 5/5 levels left

rFire   . . .      SeeInvis +   a - +0 short sword
rCold   . . .      Faith    .   (no shield)
rNeg    . . .      Spirit   .   b - +0 robe
rPois   .          Reflect  .   (helmet restricted)
rElec   .          Harm     .   (no cloak)
rCorr   .          Rampage  .   (gloves unavailable)
Will    +....                   (boots unavailable)
Stlth   +.........              (no amulet)
HPRegen 0.03/turn               e - ring of willpower
MPRegen 0.14/turn               h - ring of magical power

@: very quick
A: very small, no large weapons, unfitting armour, see invisible, speed 3
a: no special abilities


You were on level 1 of the Dungeon.
You visited 1 branch of the dungeon, and saw 1 of its levels.

You collected 35 gold pieces.

Inventory:

Hand Weapons
 a - a +0 short sword (weapon)
Missiles
 d - 7 boomerangs of dispersal (quivered)
Armour
 b - a +0 robe (worn)
Jewellery
 e - a ring of willpower (left hand)
 h - a ring of magical power (right hand)
Scrolls
 c - a scroll of blinking
 f - a scroll of fear {unknown}
Potions
 g - a potion of might {unknown}


   Skills:
 - Level 1.5 Fighting
 + Level 2.3 Short Blades
 - Level 1.0 Throwing
 - Level 3.2 Dodging
 - Level 2.6 Spellcasting
 - Level 4.4 Translocations


You had 5 spell levels left.
You didn't know any spells.
Your spell library contained the following spells:

 Spells                   Type           Power      Damage    Failure   Level
 Blink                    Tloc           28%        N/A       5%          2
 Gell's Gravitas          Tloc           14%        N/A       11%         3
 Lesser Beckoning         Tloc           14%        N/A       11%         3
 Teleport Other           Tloc           14%        N/A       11%         3
 Manifold Assault         Tloc           14%        N/A       71%         5


Dungeon Overview and Level Annotations

Branches:
Dungeon (1/15)

Altars:


Innate Abilities, Weirdness & Mutations

You are very small and have problems with some larger weapons.
You are too small for most types of armour.
You have supernaturally acute eyesight. (SInv)
You cover ground extremely quickly. (Speed+++)


Message History

A quokka comes into view.
Found a scroll labelled ICIOFRI EHEAD.
A giant cockroach comes into view.
The giant cockroach barely misses you.
A ball python comes into view.
The ball python hisses angrily.
A kobold comes into view. It is wielding a +0 short sword.
The helpless kobold fails to defend itself.
You hit the kobold.
The kobold is heavily wounded.
The kobold barely misses you.
You hit the kobold but do no damage.
The kobold is heavily wounded.
The kobold completely misses you.
You hit the kobold.
You kill the kobold!
The ball python completely misses you. The ball python grabs you.
The ball python constricts you.
The ball python's grasp on you weakens, but your attempt to escape fails.
The ball python closely misses you. The ball python constricts you.
You escape the ball python's grasp.
Things that are here:
a +0 short sword; 3 stones; a kobold corpse
Found 12 gold pieces.
You see here 12 gold pieces.
You now have 23 gold pieces (gained 12).
Found a silver ring.
h - a ring of magical power
There are no items here.
You feel your magic capacity increase.
h - a ring of magical power (right hand)
Okay, then.
The kobold shouts!
A quokka comes into view.
The kobold hits you but does no damage.
You see here 12 gold pieces.
You now have 35 gold pieces (gained 12).
A giant cockroach comes into view.
The kobold hits you with a +0 club.
You die...

#.. #.# #r## ..B #.#
####.##########
#$............#
##.##K##.......#
#...@..........#
#.....#........#
#...###........#
#..............#
#..............#
#.......########
###..#####
######......##########
#.........####.......##


You could see a quokka (wandering), a giant cockroach (wandering) and a kobold.

Vanquished Creatures
  A kobold (D:1)
1 creature vanquished.

Notes
Turn   | Place    | Note
-------+----------+-------------------------------------------
     0 | D:1      | NinjaNoafa the Spriggan Warper began the quest for the Orb.
     0 | D:1      | Reached XP level 1. HP: 10/10 MP: 5/5
   143 | D:1      | Slain by a kobold

Illustrated notes

Levels and vault maps discovered:
D:1:      dreamdust_arrival_beginning_and_end, layout_loops_cross,
          minmay_misc_feat_rugged

Action                   || total
-------------------------++-------
Melee: Short sword       ||     7
       Punch             ||     1
 Stab: Sleeping          ||     1
Armor: Robe              ||     1
Dodge: Dodged            ||    10
